 Dungeon Crawl Stone Soup version 0.29-a0-275-g389c0b56f3 (webtiles) character file.

Game seed: 13067407339765483071

35 Formlaus the Skirmisher (level 3, 0/26 HPs)
             Began as a Gargoyle Berserker on Mar 12, 2022.
             Was a Believer of Trog.
             Slain by Robin
             ... wielding a +0 short sword
              (3 damage)
             ... on level 2 of the Dungeon.
             The game lasted 00:04:40 (1515 turns).

Formlaus the Skirmisher (Gargoyle Berserker)        Turns: 1515, Time: 00:04:41

Health: 0/26       AC:  6    Str: 22    XL:     3   Next: 33%
Magic:  3/3        EV: 11    Int:  7    God:    Trog [**....]
Gold:   19         SH:  0    Dex:  9    Spells: 2/2 levels left

rFire   . . .      SeeInvis .   a - +0 mace
rCold   . . .      Faith    .   (no shield)
rNeg    + . .      Spirit   .   c - +0 leather armour
rPois   ∞          Reflect  .   (no helmet)
rElec   +          Harm     .   (no cloak)
rCorr   .          Rampage  .   (no gloves)
Will    .....                   (no boots)
Stlth   +.........              (no amulet)
HPRegen 0.08/turn               (no ring)
MPRegen 0.08/turn               (no ring)

@: no status effects
A: sickness immunity, AC +3, negative energy resistance 1, electricity
resistance, torment resistance 1, petrification resistance, robust 1
a: Renounce Religion, Berserk, Trog's Hand


You were on level 2 of the Dungeon.
You worshipped Trog.
Trog was pleased with you.
You visited 1 branch of the dungeon, and saw 2 of its levels.

You collected 19 gold pieces.

Inventory:

Hand Weapons
 a - a +0 mace (weapon)
Armour
 c - a +0 leather armour (worn)
Scrolls
 d - a scroll of brand weapon
 g - a scroll of enchant armour
 h - a scroll of teleportation {unknown}
 i - a scroll of magic mapping {unknown}


   Skills:
 + Level 3.7 Fighting
 + Level 3.7 Maces & Flails
 + Level 2.3 Armour
 + Level 1.8 Dodging


You had 2 spell levels left.
You didn't know any spells.
Your spell library contained the following spells:

 Spells                   Type           Power      Damage    Failure   Level
 Sting                    Tmut/Pois      0%         1d3       47%         1
 Poisonous Vapours        Pois/Air       0%         N/A       63%         2
 Ignite Poison            Fire/Tmut/Pois 0%         N/A       85%         3
 Mephitic Cloud           Conj/Pois/Air  0%         N/A       85%         3
 Olgreb's Toxic Radiance  Pois           0%         N/A       99%         4
 Freezing Cloud           Conj/Ice/Air   0%         6-21      100%        5


Dungeon Overview and Level Annotations

Branches:
Dungeon (2/15)

Altars:

Annotations:
D:2 Robin, Terence


Innate Abilities, Weirdness & Mutations

You are immune to sickness and miasma.
Your stone body is resilient. (AC +3)
You are immune to poison.
You resist negative energy. (rN+)
You are resistant to electric shocks. (rElec)
You are resistant to unholy torment.
You are immune to petrification.
You are robust. (+10% HP)


Message History

You bump into the rock wall.
The hobgoblin hits you. Terence closely misses you. The hobgoblin misses you.
Robin closely misses you. The goblin closely misses you.
You sock the hobgoblin!
You kill the hobgoblin!
Trog accepts your kill. Terence hits you but does no damage.
The goblin hits you but does no damage. The hobgoblin closely misses you.
Robin hits you but does no damage.
You hit the goblin but do no damage.
You feel less invigorated.
You feel less confused. Terence hits you but does no damage.
The goblin hits you with a +0 club. Robin closely misses you.
The hobgoblin misses you.
Terence hits you from afar with a +0 trident.
The goblin closely misses you.
Robin roars a battlecry!
The goblin goes into a battle-frenzy!
The hobgoblin hits you but does no damage.
You hit Robin but do no damage.
Terence hits you from afar with a +0 trident.
The hobgoblin barely misses you. The goblin hits you but does no damage.
Robin hits you with a +0 short sword.
You sock Robin!
Robin is moderately wounded.
Terence hits you from afar with a +0 trident.
The goblin hits you with a +0 club. The hobgoblin closely misses you.
Robin says, "Feeling lonely?"
Robin hits you but does no damage.
You hit Robin.
Robin is heavily wounded.
Terence hits you from afar with a +0 trident.
The goblin closely misses you.
The hobgoblin hits you but does no damage.
Robin hits you with a +0 short sword.
* * * LOW HITPOINT WARNING * * *
You hit Robin but do no damage.
Robin is heavily wounded.
Terence barely misses you. The goblin hits you with a +0 club.
* * * LOW HITPOINT WARNING * * *
Robin hits you with a +0 short sword.
You die...

#. #.#.........# #
+##.##..........##..#
.....................
.................#.
....................
....................
#..##@.)######.###.#
# #gg.# .# # #@).# .#
#.)g.# # #.......#
#<......# #.......#
#.......# #....#.##
#....#.#


You could see Terence, Robin, a hobgoblin (strong) and a goblin (strong).

Vanquished Creatures
  3 bats (D:1)
  3 endoplasms
  10 goblins
  4 hobgoblins
  4 kobolds (D:1)
  A quokka (D:1)
  3 ball pythons (D:1)
  5 rats (D:1)
33 creatures vanquished.

Notes
Turn   | Place    | Note
-------+----------+-------------------------------------------
     0 | D:1      | Formlaus the Gargoyle Berserker began the quest for the
                  | Orb.
     0 | D:1      | Reached XP level 1. HP: 14/14 MP: 1/1
   237 | D:1      | Reached XP level 2. HP: 14/19 MP: 2/2
  1355 | D:2      | Reached XP level 3. HP: 24/24 MP: 3/3
  1486 | D:2      | Noticed Robin
  1489 | D:2      | Reached ** piety under Trog
  1502 | D:2      | Gained mutation: You are robust. (+10% HP) [potion of
                  | mutation]
  1503 | D:2      | Noticed Terence
  1515 | D:2      | Slain by Robin

Illustrated notes

Levels and vault maps discovered:
D:1:      saegor_arrival_simple_b, layout_loops_ring, serial_bayou_crossing
D:2:      layout_basic, uniq_terence, uniq_robin

Action                   || total
-------------------------++-------
Melee: Mace              ||    85
       Punch             ||     1
  Use: Scroll            ||     2
       Potion            ||     2
Armor: Animal skin       ||    23
       Leather armour    ||    29
Dodge: Dodged            ||    93

Table legend: (Time is in decaauts)
 A = Elapsed time spent in this place.
 B = Non-inter-level travel time spent in this place.
 C = Inter-level travel time spent in this place.
 D = Time resting spent in this place.
 E = Time spent auto-exploring this place.
 F = Levels seen in this place.
 G = Mean time per level.
                   A        B        C        D        E       F      G
               +--------+--------+--------+--------+--------+-----+--------+
         Total |   1541 |   1494 |     47 |    399 |    804 |   2 |  770.5 |
       Dungeon |   1541 |   1494 |     47 |    399 |    804 |   2 |  770.5 |
               +--------+--------+--------+--------+--------+-----+--------+

Top non-repeatable levels by time:
     D:1: 1371 daAuts
     D:2: 169 daAuts
